 Dungeon Crawl Stone Soup version 0.31-a0-826-ga5cc291a1b (webtiles) character file.

Game seed: 5549195388986196559

78 qw the Shooter (level 4, -5/28 HPs)
             Began as a Gargoyle Hunter on Sept 23, 2023.
             Slain by Sigmund
             ... wielding a +0 scythe
              (7 damage)
             ... on level 2 of the Dungeon.
             The game lasted 00:00:33 (1333 turns).

qw the Shooter (Gargoyle Hunter)                    Turns: 1333, Time: 00:00:33

Health: -5/28      AC:  6    Str: 14    XL:     4   Next: 36%
Magic:  4/4        EV: 11    Int: 10    God:
Gold:   158        SH:  0    Dex: 15    Spells: 3/3 levels left

rFire   . . .        Y - +0 shortbow
rCold   . . .        (shield currently unavailable)
rNeg    + . .        c - +0 leather armour
rPois   inf          (no helmet)
rElec   +            (no cloak)
rCorr   .            (no gloves)
SInv    .            (no boots)
Will    .....        (no amulet)
Stlth   +            (no ring)
HPRegen 0.24/turn    (no ring)
MPRegen 0.09/turn

%: no passive effects
@: confused
A: sickness immunity, AC +3, negative energy resistance 1, electricity
resistance, torment resistance 1, petrification resistance
a: no special abilities


You were on level 2 of the Dungeon.
You visited 1 branch of the dungeon, and saw 2 of its levels.

You collected 158 gold pieces.


Innate Abilities, Weirdness & Mutations

You are immune to sickness and miasma.
Your stone body is resilient. (AC +3)
You are immune to poison.
You resist negative energy. (rN+)
You are resistant to electric shocks. (rElec)
You are resistant to unholy torment.
You are immune to petrification.


   Skills:
 - Level 3.1 Fighting
 + Level 5.3 Ranged Weapons
 - Level 1.5 Dodging
 - Level 1.1 Stealth


You had 3 spell levels left.
You didn't know any spells.
Your spell library was empty.

Inventory:

Hand Weapons
 Y - a +0 shortbow (weapon)
Armour
 c - a +0 leather armour (worn)
Jewellery
 b - an amulet of the acrobat
Scrolls
 a - 2 scrolls of identify {unknown}
 d - 2 scrolls of teleportation {unknown}
Potions
 e - 2 potions of attraction {unknown}
 f - a potion of mutation {unknown}
 g - a potion of degeneration {unknown}
 h - a potion of lignification {unknown}
 i - a potion of curing {unknown}
 j - a potion of magic {unknown}

Dungeon Overview and Level Annotations

Branches:
Dungeon (2/15)

Altars:
Fedhas

Annotations:
D:2 Sigmund


Message History

The adder is moderately wounded.
You shoot an arrow. The arrow misses the adder.
You shoot an arrow. The arrow hits the adder.
The adder is almost dead.
The adder barely misses you. The adder closely misses you.
You shoot an arrow. The arrow closely misses the adder.
The adder barely misses you. The adder bites you but does no damage.
You shoot an arrow. The arrow hits the adder!
You kill the adder!
You now have 158 gold pieces (gained 14).
Found a stone staircase leading down.
Found a stone staircase leading up.
Enter note:
Enter note:
Enter note:
Enter note:
Enter note:
Enter note: Sigmund the Dreaded comes into view.
He is wielding a +0 scythe.
Sigmund hits you from afar with a +0 scythe.
You shoot an arrow. The arrow barely misses Sigmund.
You shoot an arrow. The arrow hits Sigmund.
Sigmund is lightly wounded.
Sigmund casts a spell.
Sigmund flickers and vanishes!
Deactivating autopickup; reactivate with Ctrl-A.
Something hits you!
You shoot an arrow. You shoot an arrow. Something hits you.
You shoot an arrow.
You hear some strange, mumbled words.
You are confused.
You shoot an arrow. Something hits you.
You shoot an arrow. Something hits you.
You shoot an arrow. Something hits you!
You die...

### #.# ## #<# #. #.# . #.#.#
.## #.#.# #######.# #.#.#
.....{..# #.#.# ####### #@#
#.#.# #.....# #.# #.#.#
#.....# #.# #.#.#
######.....###.######.#.#
#>.)..................#.####
#.###......#.#.#####.......##
#...#......#...#......#.##..#
#.#.#......#####.####.#.###.#
#.#......#<#####.# ###.# #.#


There were no monsters in sight!

Vanquished Creatures
  3 adders (D:2)
  3 worms (D:2)
  2 dart slugs (D:1)
  6 endoplasms (D:1)
  3 giant cockroaches (D:2)
  2 goblins (D:1)
  2 hobgoblins (D:1)
  5 kobolds
  A quokka (D:1)
  3 ball pythons
  4 bats
  A frilled lizard (D:2)
  4 rats
39 creatures vanquished.

Notes
Turn   | Place    | Note
-------+----------+-------------------------------------------
     0 | D:1      | qw the Gargoyle Hunter began the quest for the Orb.
     0 | D:1      | Reached XP level 1. HP: 12/12 MP: 1/1
     0 | D:1      | 0 ||| qw: Version: 0.3-a-83-gcd0e7d8
     0 | D:1      | 0 ||| qw: Game counter: 1842
     0 | D:1      | 0 ||| qw: Melee chars always use a shield: true
     0 | D:1      | 0 ||| qw: God list: Okawaru
     0 | D:1      | 0 ||| qw: Allow faded altars: false
     0 | D:1      | 0 ||| qw: Do Orc after clearing Dungeon:15 true
     0 | D:1      | 0 ||| qw: Do second Lair branch before Depths: true
     0 | D:1      | 0 ||| qw: Lair rune preference: random
     0 | D:1      | 0 ||| qw: Goals: Normal
     0 | D:1      | 0 ||| PLANNING D:1-11
    85 | D:1      | Reached XP level 2. HP: 17/17 MP: 2/2
   376 | D:1      | Reached XP level 3. HP: 16/21 MP: 3/3
   582 | D:1      | 582 ||| DROPPING amulet of magic regeneration.
   583 | D:1      | 583 ||| READING scroll labelled YNICAJA LYEM.
   584 | D:1      | 584 ||| READING scroll labelled HEHAEX XACIE.
   585 | D:1      | 585 ||| DROPPING scroll of butterflies.
   631 | D:2      | 631 ||| STAIRDANCE
   650 | D:2      | Reached skill level 5 in Ranged Weapons
   650 | D:2      | 650 ||| STAIRDANCE
   803 | D:2      | Reached skill level 3 in Fighting
   825 | D:2      | Reached XP level 4. HP: 28/28 MP: 4/4
  1102 | D:2      | Found a blossoming altar of Fedhas.
  1325 | D:2      | Noticed Sigmund
  1331 | D:2      | HP: 4/28 [something (6)]
  1333 | D:2      | Slain by Sigmund

Levels and vault maps discovered:
D:1:      reono_arrival_mine, layout_loops_ring, minmay_cut_off
D:2:      layout_basic, basic_altar, nrook_loot_triangle, uniq_sigmund

Skill      XL: |  1  2  3 |
---------------+----------+-----
Ranged Weapons | 5 |  5.3
Fighting       | 3 |  3.1
Dodging        | |  1.5
Stealth        | |  1.1

Action                     |  1- 3 |  4- 6 || total
---------------------------+-------+-------++-------
   Fire: Shortbow          |    84 |    45 ||   129
    Use: Scroll            |     2 |       ||     2
 Armour: Leather armour    |    19 |    13 ||    32
  Dodge: Dodged            |    13 |     7 ||    20

Table legend:
 A = Non-vault XP
 B = Vault XP
 C = Vault XP percentage of total XP
 D = Non-vault monster count
 E = Vault monster count
 F = Vault count percentage of total count
                 A         B        C        D         E       F
            +---------+---------+-------+---------+---------+-------
      Total |     108 |       4 |   3.6 |      37 |       2 |   5.1
            +---------+---------+-------+---------+---------+-------
        D:1 |      34 |       4 |  10.5 |      19 |       2 |   9.5
        D:2 |      74 |       0 |   0.0 |      18 |       0 |   0.0
            +---------+---------+-------+---------+---------+-------
